 Dungeon Crawl Stone Soup version 0.13.0-9-gbc74161 (webtiles) character file.

337 MackTheKnife the Charmwright (level 5, -2/35 HPs)
             Began as a High Elf Skald on Oct 17, 2013.
             Slain by a phantom (5 damage)
             ... on Level 4 of the Dungeon.
             The game lasted 00:06:53 (4368 turns).

MackTheKnife the Charmwright (High Elf Skald)       Turns: 4368, Time: 00:06:53

HP  -2/35        AC  6     Str 12      XL: 5   Next: 19%
MP   6/15        EV 10     Int 16      God:
Gold 176         SH  0     Dex 14      Spells:  3 memorised,  5 levels left

Res.Fire  : . . .   See Invis. : .   n - +2,+3 whip (venom)
Res.Cold  : . . .   Warding    : .   g - +0 elf leather armour
Life Prot.: . . .   Conserve   : +   (no shield)
Res.Poison: .       Res.Corr.  : .   t - +0 plumed helmet
Res.Elec. : .       Clarity    : .   y - +0 cloak
Sust.Abil.: . .     Spirit.Shd : .   r - +0 pair of gauntlets
Res.Mut.  : .       Stasis     : .   (no boots)
Res.Rott. : .       Flight     : .   j - amulet of conservation
Saprovore : . . .                    (no ring)
                                     (no ring)

@: very slightly contaminated, drained, slightly resistant to hostile
enchantments, unstealthy
A: no striking features
a: no special abilities


You were on level 4 of the Dungeon.
You were not hungry.

You visited 1 branch of the dungeon, and saw 4 of its levels.

You collected 156 gold pieces.

Inventory:

Hand weapons
 a - a +0,+0 elven falchion
 n - a +2,+3 whip of venom (weapon)
Armour
 g - a +0 elven leather armour (worn)
 q - a +2 buckler
 r - a +0 pair of gauntlets (worn)
 t - a +0 plumed helmet (worn)
 y - a +0 cloak (worn)
Comestibles
 d - 3 bread rations
 f - a meat ration
 m - a choko
 x - a pear
Scrolls
 b - a scroll of teleportation {unknown}
 e - 3 scrolls of identify
 i - a scroll of random uselessness {unknown}
 l - 2 scrolls of remove curse {unknown}
 o - a scroll of curse jewellery {unknown}
Jewellery
 j - an amulet of conservation (around neck)
Potions
 h - 2 potions of agility {unknown}
 k - a potion of resistance {unknown}
 p - a potion of magic {unknown}
 s - 2 potions of curing
 u - 2 potions of heal wounds {unknown}
Books
 c - a book of Battle

   Spells                             Type                      Level
   *Infusion                          Charms                       1
   Shroud of Golubria                 Charms/Translocation         2
   Song of Slaying                    Charms                       2
   *Spectral Weapon                   Hexes/Charms                 3
   *Regeneration                      Charms/Necromancy            3
   Song of Shielding                  Charms                       4
 v - a Grand Grimoire {highlevel}

   This book is beyond your current level of understanding.

   Spells                             Type                      Level
   Demonic Horde                      Summoning                    6
   Mass Abjuration                    Summoning                    6
   Haunt                              Necromancy/Summoning         7
   Summon Greater Demon               Summoning                    7
   Malign Gateway                     Summoning/Translocation      7
   Summon Horrible Things             Summoning                    8


   Skills:
 + Level 3.6(3.5) Fighting
 - Level 2.4(2.3) Long Blades
 - Level 0.8(0.7) Armour
 + Level 1.1(1.0) Dodging
 - Level 4.0(3.9) Spellcasting
 + Level 4.9(4.8) Charms


You had 5 spell levels left.
You knew the following spells:

 Your Spells              Type           Power        Failure   Level  Hunger
a - Infusion              Chrm           ###...       2%          1    None
b - Regeneration          Chrm/Necr      ##........   21%         3    ###....
c - Spectral Weapon       Hex/Chrm       ##......     21%         3    ###....


Dungeon Overview and Level Annotations

Branches:
Dungeon (4/27)
 Temple: D:4-7

Altars:


Message History

Your skin is crawling a little less now.
Casting: Regeneration
Confirm with . or Enter, or press ? or * to list all spells.
You draw out your weapon's spirit!
You swap places.
The phantom hits you!
You miss the phantom.
The phantom is heavily damaged.
Your spectral weapon hits the phantom.
The phantom hits you but does no damage.
The phantom closely misses you.
You hit the phantom but do no damage.
The phantom is heavily damaged.
Your skin stops crawling.
Your spectral weapon closely misses the phantom.
The phantom hits you!
* * * LOW HITPOINT WARNING * * *
You are too injured to fight recklessly!
You swap places.
The phantom hits you.
You die...

#.#
#....
#.#
#....
#[#
#....
##.#
....
###..#
####
#...## #
#.### .
###.# ##
#(@.#
#p###
#...
#....
#.....
#.<....
#.......
#......
###


You could see a phantom and a friendly spectral whip of venom.

Vanquished Creatures
  A worker ant (D:4)
  3 adders
  A gnoll (D:1)
  2 giant mites (D:4)
  A giant gecko (D:2)
  An ooze (D:2)
  An orc (D:3)
  3 giant cockroaches
  9 goblins
  6 hobgoblins
  10 jackals
  9 kobolds
  3 quokkas
  3 ball pythons
  13 bats
  5 giant newts
  13 rats
84 creatures vanquished.

Notes
Turn   | Place    | Note
--------------------------------------------------------------
     0 | D:1      | MackTheKnife, the High Elf Skald, began the quest for the Orb.
     0 | D:1      | Reached XP level 1. HP: 13/13 MP: 4/4
   457 | D:1      | Reached XP level 2. HP: 13/18 MP: 6/6
  1223 | D:1      | Reached XP level 3. HP: 9/24 MP: 4/9
  1515 | D:1      | Reached skill level 4 in Charms
  1694 | D:2      | Learned a level 3 spell: Regeneration
  1698 | D:2      | Learned a level 3 spell: Spectral Weapon
  2508 | D:2      | Reached XP level 4. HP: 26/29 MP: 12/12
  4292 | D:4      | Reached XP level 5. HP: 27/35 MP: 9/15
  4341 | D:4      | Noticed a phantom
  4368 | D:4      | Slain by a phantom

Action                   |  1- 3 |  4- 6 || total
-------------------------+-------+-------++-------
Melee: Falchion          |    90 |       ||    90
       Whip              |    42 |   136 ||   178
 Cast: Infusion          |     2 |     1 ||     3
       Spectral Weapon   |     4 |     8 ||    12
       Regeneration      |       |     1 ||     1
  Use: Scroll            |       |     6 ||     6
